 Dungeon Crawl Stone Soup version 0.30.0-5-g1a98f26d00 (webtiles) character file.

Game seed: 948498920072729623

2 Esekla the Stinger (level 1, 0/10 HPs)
             Began as a Tengu Venom Mage on May 10, 2023.
             Constricted to death by a ball python (1 damage)
             ... on level 1 of the Dungeon.
             The game lasted 00:02:17 (120 turns).

Esekla the Stinger (Tengu Venom Mage)                Turns: 120, Time: 00:02:18

Health: 0/10       AC:  2    Str:  8    XL:     1   Next: 40%
Magic:  3/4        EV:  9    Int: 15    God:
Gold:   0          SH:  0    Dex: 14    Spells: 3/4 levels left

rFire   . . .        (no weapon)
rCold   . . .        (no shield)
rNeg    . . .        a - +0 robe
rPois   .            (helmet restricted)
rElec   .            (no cloak)
rCorr   .            (no gloves)
SInv    .            (boots unavailable)
Will    .....        (no amulet)
Stlth   ++           (no ring)
HPRegen 0.21/turn    (no ring)
MPRegen 0.09/turn

%: no passive effects
@: constricted
A: beak, talons 3
a: no special abilities


You were on level 1 of the Dungeon.
You visited 1 branch of the dungeon, and saw 1 of its levels.

Inventory:

Armour
 a - a +0 robe (worn)
Potions
 b - a potion of magic


   Skills:
 + Level 2.1 Dodging
 + Level 2.0 Stealth
 * Level 2.1 Spellcasting
 * Level 0.6 Conjurations
 + Level 0.7 Transmutations
 + Level 3.0 Poison Magic


You had 3 spell levels left.
You knew the following spells:

 Your Spells              Type           Power      Damage    Failure   Level
a - Sting                 Tmut/Pois      28%        1d4       11%         1

Your spell library contained the following spells:

 Spells                   Type           Power      Damage    Failure   Level
 Poisonous Vapours        Pois/Air       12%        N/A       19%         2
 Mephitic Cloud           Conj/Pois/Air  5%         N/A       36%         3
 Olgreb's Toxic Radiance  Pois           10%        N/A       54%         4


Dungeon Overview and Level Annotations

Branches:
Dungeon (1/15)

Altars:


Innate Abilities, Weirdness & Mutations

You have a beak for a mouth.
You have claws for feet.


Message History

A bat comes into view.
A bat and a ball python come into view.
A quokka comes into view.
Found 8 gold pieces.
The ball python hisses angrily.
You see here a bubbling grey potion.
The bat hits you but does no damage. x2
The bat attacks as you move away! The bat hits you but does no damage.
The bat barely misses you. The bat hits you. The rat barely misses you.
The bat hits you.
The frilled lizard unfolds its giant frill.
The bat attacks as you move away! The bat misses you.
The bat attacks as you move away! The bat closely misses you.
The bat misses you. The goblin closely misses you.
The goblin attacks as you move away! The goblin hits you with a +0 dagger.
Found a chain mail.
The bat barely misses you. The bat attacks as you move away!
The bat closely misses you. The bat hits you but does no damage.
The bat completely misses you. The bat closely misses you.
The bat attacks as you move away! The bat hits you but does no damage.
The bat closely misses you. The bat hits you but does no damage.
Found 8 stones.
The bat hits you.
Casting: Sting (safe; 11% risk of failure)
Confirm with . or Enter, or press ? or * to list all spells.
Aiming: Sting (safe; 11% risk of failure)
Press: ? - help, Shift-Dir - straight line, f - ball python
Aim: a ball python (64% to hit)
The sting hits the ball python.
The ball python is poisoned.
The ball python is moderately wounded.
The bat hits you. The ball python bites you.
* * * LOW HITPOINT WARNING * * *
The ball python grabs you. The ball python constricts you. The bat hits you.
* * * LOW HITPOINT WARNING * * *
The ball python's grasp on you weakens, but your attempt to escape fails.
The bat hits you but does no damage. x2
The ball python bites you but does no damage.
The ball python constricts you. The ball python bites you.
* * * LOW HITPOINT WARNING * * *
The ball python constricts you.
You die...

### ########## #...
###........#
.....#..........
.....#..........####.
(....b.......#......r
........Sb...#......#.
.[.....@.g............
......###r#...........
..........#...........
.#.......###..........
♣.♣....r.rl.!........
.......#..bg....♣♣♣♣♣♣..
#♣.♣.♣.#................
..... #........♣♣♣♣♣♣..
♣.♣.♣ #........####....


You could see a goblin, 2 bats, a ball python (poisoned) and a rat.

Vanquished Creatures
  A ball python (D:1)
  A bat (D:1)
2 creatures vanquished.

Notes
Turn   | Place    | Note
-------+----------+-------------------------------------------
     0 | D:1      | Esekla the Tengu Venom Mage began the quest for the Orb.
     0 | D:1      | Reached XP level 1. HP: 10/10 MP: 4/4
   120 | D:1      | Constricted to death by a ball python

Illustrated notes

Levels and vault maps discovered:
D:1:      spicycebolla_arrival_ecumenical, layout_basic, serial_forest,
          infiniplex_forest_split, infiniplex_forest_lined_3_way,
          infiniplex_forest_straight_2, infiniplex_forest_clump_tiny,
          infiniplex_forest_split, due_unseen_surprise

Action                     || total
---------------------------++-------
   Cast: Sting             ||     3
 Armour: Robe              ||    15
  Dodge: Dodged            ||    35
